 Dungeon Crawl Stone Soup version 0.20.1-1-g8b1a95d66d (webtiles) character file.

4253 spennet the Fighter (level 10, -12/99 HPs)
             Began as a Minotaur Berserker on June 10, 2017.
             Was a High Priest of Trog.
             Mangled by Grum
             ... wielding a -1 halberd
              (17 damage)
             ... on level 8 of the Dungeon on Dec 20, 2017.
             The game lasted 01:27:38 (6069 turns).

spennet the Fighter (Minotaur Berserker)            Turns: 6069, Time: 01:27:41

Health: -12/99     AC: 10    Str: 25    XL:     10   Next: 10%
Magic:  9/9        EV:  9    Int:  4    God:    Trog [*****.]
Gold:   337        SH:  0    Dex: 10    Spells: 9/9 levels left

rFire    . . .     SeeInvis .   A - +0 war axe
rCold    . . .     Gourm    .   (no shield)
rNeg     . . .     Faith    .   E - +0 chain mail
rPois    +         Spirit   .   (helmet restricted)
rElec    .         Reflect  .   (no cloak)
rCorr    .         Harm     .   (no gloves)
MR       .....     Rnd*Rage +   w - +0 pair of boots
Stlth    ..........             (no amulet)
Regen    0.7/turn               D - ring of poison resistance
MPRegen  0.2/turn               (no ring)

@: no status effects
A: retaliatory headbutt, horns 2, berserk 1, regeneration 1
a: Berserk, Trog's Hand, Brothers in Arms, Burn Spellbooks, Renounce Religion


You were on level 8 of the Dungeon.
You worshipped Trog.
Trog was extremely pleased with you.
You were not hungry.

You visited 2 branches of the dungeon, and saw 9 of its levels.

You collected 337 gold pieces.

Inventory:

Hand Weapons
 a - a +0 hand axe
 q - a +0 giant spiked club
 v - a +0 war axe
 A - a +0 war axe (weapon)
 C - a +0 hand axe
Missiles
 e - 104 arrows
 f - 84 sling bullets
 g - 22 poisoned needles
 r - 3 large rocks
Armour
 b - a +0 animal skin
 d - a +0 leather armour
 j - a +0 pair of boots
 k - a +0 robe
 m - a +0 leather armour
 w - a +0 pair of boots (worn)
 y - a +0 scale mail
 B - a +0 scale mail
 E - a +0 chain mail (worn)
Jewellery
 D - a ring of poison resistance (left hand)
 G - an uncursed ring of protection from fire {unknown}
Scrolls
 n - a scroll of recharging
 s - a scroll of remove curse
 t - 6 scrolls of identify
 F - a scroll of amnesia
Potions
 i - 3 potions of flight {unknown}
 o - a potion of magic
 u - 3 potions of brilliance
 x - a potion of heal wounds
 z - a potion of curing
Books
 H - a book of Maledictions

   Spells                             Type                      Level
   a - Corona                         Hexes                        1
   b - Ensorcelled Hibernation        Hexes/Ice                    2
   c - Confuse                        Hexes                        3
   d - Tukima's Dance                 Hexes                        3
   e - Dazzling Spray                 Conjuration/Hexes            3
   Trog disapproves of the use of such an item.
Comestibles
 c - 6 bread rations
 h - 2 royal jellies
 l - 6 meat rations
 p - 10 fruits


   Skills:
 * Level 12.5 Fighting
 * Level 12.4 Axes
 - Level 3.0 Armour
 - Level 2.3 Dodging


You had 9 spell levels left.
You didn't know any spells.

Dungeon Overview and Level Annotations

Branches:
Dungeon (8/15)             Temple (1/1) D:4
   Lair: D:8-11

Altars:
Ashenzari
Cheibriados
Dithmenos
Elyvilon
Fedhas
Gozag
Kikubaaqudgha
Okawaru
Qazlal
Ru
Sif Muna
Trog
Uskayaw
Vehumet
Xom
Yredelemnul
Zin
The Shining One

Shops:
D:4 %

Annotations:
D:8 Grum


Innate Abilities, Weirdness & Mutations

You reflexively headbutt those who attack you in melee.
You have a pair of horns on your head.
You tend to lose your temper in combat.
Your natural rate of healing is unusually fast.


Message History

An orc and an orc wizard come into view.
You barely miss the crocodile. You headbutt the crocodile!
The crocodile is moderately wounded.
The crocodile bites you but does no damage.
Grum misses you.
You barely miss the crocodile.
The crocodile is moderately wounded.
The orc wizard moves out of view.
The crocodile barely misses you.
You slash the crocodile!
The crocodile is severely wounded.
You hit something but do no damage. Grum barely misses you.
The crocodile bites you but does no damage.
An orc comes into view. It is wielding a short sword.
You miss something. You headbutt something! You slash the crocodile!
You kill the crocodile!
Trog accepts your kill. Something hits you but does no damage.
Grum shouts, "Rover!
Good boy!"
Grum hits you from afar with a halberd!
You die...

#########
###.@o....#
#####.o.†{....#
#...#.#...go..#
#.#.o.#####.###
#....## .#
###...#####.#
##........h.g
#..###..####t
###.## #.# ..


You could see Grum, an orc wizard and 3 orcs.

Vanquished Creatures
  The ghost of donomii the Grappler, a novice TrMo of Cheibriados (D:6)
  An elephant (D:8)
  A hippogriff (D:8)
  An orc warrior (D:8)
  2 ice beasts
  3 phantoms
  A black bear (D:6)
  A sky beast (D:6)
  A necrophage (D:7)
  4 wolves (D:8)
  2 ogres
  A big kobold (D:7)
  2 crocodiles (D:8)
  6 bullfrogs
  A scorpion (D:6)
  4 howler monkeys
  A bullfrog zombie (D:5)
  7 crimson imps
  A centaur zombie (D:6)
  2 hounds
  4 orc priests
  A jelly (D:5)
  A centaur skeleton (D:7)
  5 orc wizards
  2 bullfrog skeletons (D:7)
  2 iguanas (D:5)
  5 worker ants
  A hound skeleton (D:4)
  A howler monkey zombie (D:7)
  3 gnolls (D:4)
  6 adders
  A shadow imp (D:5)
  2 adder skeletons
  An adder zombie (D:5)
  3 worms
  3 dart slugs
  5 leopard geckos
  10 orcs
  3 ball pythons
  4 giant cockroaches
  6 goblins
  10 hobgoblins
  12 jackals
  17 kobolds
  5 quokkas
  8 bats
  6 frilled lizards
  11 rats
  A plant (D:3)
182 creatures vanquished.

Notes
Turn   | Place    | Note
-------+----------+-------------------------------------------
     0 | D:1      | spennet the Minotaur Berserker began the quest for the Orb.
     0 | D:1      | Reached XP level 1. HP: 19/19 MP: 0/0
   176 | D:1      | HP: 1/20 [kobold/short sword (2)]
   179 | D:1      | Reached XP level 2. HP: 2/27 MP: 1/1
   880 | D:1      | Reached ** piety under Trog
   956 | D:1      | Reached XP level 3. HP: 34/34 MP: 2/2
  1399 | D:2      | Reached skill level 5 in Fighting
  1399 | D:2      | Reached XP level 4. HP: 35/42 MP: 3/3
  1522 | D:2      | Gained mutation: You tend to lose your temper in combat. [potion of mutation]
  1522 | D:2      | Gained mutation: Your natural rate of healing is unusually fast. [potion of mutation]
  1945 | D:3      | Reached skill level 5 in Axes
  2394 | D:3      | Reached *** piety under Trog
  2471 | D:4      | Reached XP level 5. HP: 49/49 MP: 4/4
  2528 | D:4      | Noticed an ogre
  2536 | D:4      | Killed an ogre
  2538 | D:4      | Reached XP level 6. HP: 57/57 MP: 5/5
  2700 | D:4      | Found a staircase to the Ecumenical Temple.
  2711 | Temple   | Entered the Ecumenical Temple
  2906 | D:4      | Found Huannuih's Food Shoppe.
  3425 | D:5      | Entered Level 5 of the Dungeon
  3568 | D:5      | Reached XP level 7. HP: 52/66 MP: 6/6
  3767 | D:5      | Found a snail-covered altar of Cheibriados.
  3876 | D:5      | Reached **** piety under Trog
  3920 | D:5      | Found an iron altar of Okawaru.
  3996 | D:5      | Found a bloodstained altar of Trog.
  4264 | D:5      | Reached XP level 8. HP: 75/75 MP: 7/7
  4292 | D:5      | Received a gift from Trog
  4537 | D:6      | Noticed donomii's ghost (novice TrMo)
  4550 | D:6      | Killed donomii's ghost
  4550 | D:6      | Reached skill level 10 in Fighting
  4550 | D:6      | Reached skill level 10 in Axes
  4588 | D:6      | Reached XP level 9. HP: 72/86 MP: 8/8
  5437 | D:7      | Reached ***** piety under Trog
  5501 | D:7      | Upgraded the game from 0.20.0-15-g7f486f2 to 0.20.1-1-g8b1a95d66d
  6040 | D:8      | Noticed an elephant
  6046 | D:8      | Noticed Grum
  6056 | D:8      | Killed an elephant
  6057 | D:8      | Reached XP level 10. HP: 26/99 MP: 9/9
  6065 | D:8      | HP: 3/99 [Grum/halberd (16)]
  6069 | D:8      | Mangled by Grum

Skill      XL: |  1  2  3  4  5  6  7  8  9 |
---------------+----------------------------+-----
Fighting       | 4 5 6 7 8 10 12 | 12.5
Axes           | 4 5 6 8 10 12 | 12.4
Armour         | 3 |  3.0
Dodging        | |  2.3

Action                   |  1- 3 |  4- 6 |  7- 9 | 10-12 || total
-------------------------+-------+-------+-------+-------++-------
Melee: Hand axe          |   109 |   184 |       |       ||   293
       Headbutt          |    14 |    31 |    48 |     4 ||    97
       War axe           |       |       |   217 |    12 ||   229
Invok: Berserk           |     1 |     2 |     1 |       ||     4
       Trog's Hand       |       |     1 |     1 |       ||     2
       Burn Spellbooks   |       |     1 |       |       ||     1
  Use: Scroll            |     1 |     3 |     6 |       ||    10
       Potion            |     1 |     5 |     2 |       ||     8
  Eat: Chunk             |     2 |     7 |     3 |       ||    12
       Royal jelly       |       |     1 |       |       ||     1
       Bread ration      |       |       |     2 |       ||     2
       Fruit             |       |       |     2 |       ||     2
Armor: Animal skin       |     2 |       |       |       ||     2
       Leather armour    |    14 |    37 |    10 |       ||    61
       Scale mail        |       |       |     7 |       ||     7
       Chain mail        |       |       |    57 |     6 ||    63
Dodge: Dodged            |    83 |    99 |   107 |    11 ||   300
